 Dungeon Crawl Stone Soup version 0.20-a0-256-gabb291d (webtiles) character file.

1337 roflturtle the Gusty (level 8, -1/46 HPs)
             Began as a Tengu Air Elementalist on Dec 2, 2016.
             Succumbed to Duvessa's poison
             ... on level 4 of the Dungeon.
             The game lasted 00:21:23 (3264 turns).

roflturtle the Gusty (Tengu Air Elementalist)       Turns: 3264, Time: 00:21:24

Health: -1/46      AC:  2    Str:  9    XL:     8   Next: 61%
Magic:  17/26      EV: 14    Int: 17    God:
Gold:   135        SH:  0    Dex: 15    Spells: 4/17 levels left

rFire  . . .     SeeInvis .     s - -1 short sword (curse)
rCold  . . .     Gourm    .     a - +0 robe
rNeg   . . .     Faith    .     (no shield)
rPois  .         Spirit   .     (helmet restricted)
rElec  .         Reflect  .     (no cloak)
rCorr  .         Harm     .     (no gloves)
MR     .....                    (boots unavailable)
Stlth  ++........               (no amulet)
                                (no ring)
                                d - ring of magical power

@: lethally poisoned (-1 -> -16), very slightly contaminated
A: beak, talons 3, able to fly 1
a: Fly


You were on level 4 of the Dungeon.
You were not hungry.

You visited 1 branch of the dungeon, and saw 4 of its levels.

You collected 135 gold pieces.

Inventory:

Hand Weapons
 e - a +0 short sword
 n - a +1 vampiric spear
 s - a cursed -1 short sword (weapon)
 x - a +4 dagger of freezing
Armour
 a - a +0 robe (worn)
Jewellery
 d - a ring of magical power (left hand)
 h - an uncursed ring of poison resistance {unknown}
 C - an uncursed amulet of faith {unknown}
 F - a cursed ring of protection from fire {unknown}
Wands
 y - a wand of flame (28/48)
Scrolls
 j - 7 scrolls of identify {unknown}
 k - 3 scrolls of noise {unknown}
 l - 2 scrolls of remove curse {unknown}
 m - a scroll of random uselessness {unknown}
 p - a scroll of blinking {unknown}
 q - a scroll of recharging {unknown}
 r - a scroll of teleportation {unknown}
 v - a scroll of magic mapping {unknown}
Potions
 o - a potion of berserk rage
 u - a potion of degeneration {unknown}
 A - a potion of magic {unknown}
 D - a potion of agility {unknown}
Books
 b - a book of Air

   Spells                             Type                      Level
   a - Shock                          Conjuration/Air              1
   b - Swiftness                      Charms/Air                   2
   c - Repel Missiles                 Charms/Air                   2
   d - Static Discharge               Conjuration/Air              3
   e - Lightning Bolt                 Conjuration/Air              5
Comestibles
 c - 4 bread rations
 f - 2 chunks of flesh
 g - a beef jerky
 i - 3 fruits
 t - a royal jelly
 B - a slice of pizza
 E - a meat ration


   Skills:
 - Level 3.0 Fighting
 - Level 4.0 Dodging
 - Level 2.0 Stealth
 + Level 5.4 Spellcasting
 - Level 7.2 Conjurations
 - Level 7.3 Air Magic


You had 4 spell levels left.
You knew the following spells:

 Your Spells              Type           Power        Failure   Level  Hunger
a - Shock                 Conj/Air       ####         1%          1    None
b - Swiftness             Chrm/Air       ###.....     4%          2    #......
c - Repel Missiles        Chrm/Air       ###...       4%          2    #......
d - Lightning Bolt        Conj/Air       ####......   21%         5    ######.
e - Static Discharge      Conj/Air       ####....     1%          3    ##.....


Dungeon Overview and Level Annotations

Branches:
Dungeon (4/15)
 Temple: D:4-7

Altars:
Dithmenos

Annotations:
D:4 Dowan


Innate Abilities, Weirdness & Mutations

You have a beak for a mouth.
You have claws for feet.
You can fly.


Message History

Casting: Shock
Confirm with . or Enter, or press ? or * to list all spells.
Aiming: Shock
Press: ? - help, Shift-Dir - straight line, f - Dowan
Aim: Dowan, wielding a dagger and wearing a runed robe (fast)
The zap hits Dowan.
Dowan is moderately wounded.
* * * LOW HITPOINT WARNING * * *
You feel sick.
Casting: Shock
Confirm with . or Enter, or press ? or * to list all spells.
You don't know that spell.
Unknown command.
Casting: Shock
Confirm with . or Enter, or press ? or * to list all spells.
Aiming: Shock
Press: ? - help, Shift-Dir - straight line, p - Dowan The zap misses Dowan.
The zap hits Dowan.
Dowan is heavily wounded.
You die...

#.. .... #.# ... ##
.. .... .# . .....
..## ##. .....
...##.. ## ....#
.....# #.# ....##
#.e.###.# .....##
#..##@# ......##
#..#e## .......###
#..##
.........####..#
..........†....##..#
.......##............
......####...##.....#
.....## #...## #..###
....## #..## ..#


You could see Dowan.

Vanquished Creatures
  The ghost of Faca the Shield-Bearer, a novice FoFi of Okawaru (D:4)
  Grinder (D:3)
  Sigmund (D:3)
  Duvessa (D:4)
  A big kobold (D:4)
  A bullfrog (D:3)
  5 wights (D:3)
  An orc priest (D:3)
  An iguana (D:4)
  An orc wizard (D:4)
  2 worker ants (D:4)
  A gnoll (D:1)
  2 adders
  2 oozes (D:3)
  A worm (D:3)
  A dart slug (D:1)
  3 leopard geckos
  10 orcs
  5 giant cockroaches
  10 goblins
  11 hobgoblins
  6 jackals
  2 quokkas (D:4)
  A ball python (D:2)
  A ball python skeleton (D:4)
  6 bats
  9 frilled lizards
  10 kobolds
  8 rats
105 creatures vanquished.

Notes
Turn   | Place    | Note
-------+----------+-------------------------------------------
     0 | D:1      | roflturtle the Tengu Air Elementalist began the quest for the Orb.
     0 | D:1      | Reached XP level 1. HP: 10/10 MP: 4/4
   267 | D:1      | Reached XP level 2. HP: 15/15 MP: 6/6
   659 | D:1      | Reached skill level 1 in Fighting
   717 | D:1      | Reached XP level 3. HP: 20/20 MP: 7/7
  1265 | D:2      | Reached XP level 4. HP: 23/26 MP: 8/8
  1271 | D:2      | Found a shadowy altar of Dithmenos.
  1551 | D:3      | Reached skill level 5 in Air Magic
  1553 | D:3      | Gained mutation: You can fly. [Tengu growth]
  1553 | D:3      | Reached XP level 5. HP: 17/30 MP: 6/9
  1672 | D:3      | Reached XP level 6. HP: 9/35 MP: 0/10
  1920 | D:3      | Reached skill level 5 in Conjurations
  2016 | D:3      | Noticed Grinder
  2024 | D:3      | Killed Grinder
  2024 | D:3      | Reached XP level 7. HP: 32/40 MP: 11/11
  2249 | D:3      | Found a faded altar of an unknown god.
  2397 | D:3      | Noticed Sigmund
  2402 | D:3      | Killed Sigmund
  2844 | D:4      | Noticed Faca's ghost (novice FoFi)
  2846 | D:4      | Reached XP level 8. HP: 46/46 MP: 13/13
  2863 | D:4      | Killed Faca's ghost
  2953 | D:4      | Learned a level 2 spell: Swiftness
  2956 | D:4      | Learned a level 2 spell: Repel Missiles
  2962 | D:4      | Learned a level 5 spell: Lightning Bolt
  2966 | D:4      | Learned a level 3 spell: Static Discharge
  3225 | D:4      | Noticed Dowan
  3226 | D:4      | Noticed Duvessa
  3259 | D:4      | HP: 2/46 [Duvessa/short sword of venom (11)]
  3262 | D:4      | Killed Duvessa
  3262 | D:4      | Reached skill level 5 in Spellcasting
  3264 | D:4      | Succumbed to Duvessa's poison

Vault maps used:
D:1:      dpeg_arrival_shrine, minmay_misc_feat_enclosed
D:2:      first_bread, nicolae_dithmenos_shadow_blocks
D:3:      chequers_ecumenical_altar_island, uniq_grinder, uniq_sigmund
D:4:      kennysheep_mini, marbit_many_paths, uniq_duvessa

Skill      XL: |  1  2  3  4  5  6  7  8 |
---------------+-------------------------+-----
Conjurations   | 2 3 4 7 |  7.2
Fighting       | 1 2 3 |  3.0
Air Magic      | 5 7 |  7.3
Dodging        | 4 |  4.0
Spellcasting   | 5 |  5.4
Stealth        | |  2.0

Action                   |  1- 3 |  4- 6 |  7- 9 || total
-------------------------+-------+-------+-------++-------
Melee: Club              |     1 |       |       ||     1
       Short sword       |     8 |     3 |     1 ||    12
       Kick              |     1 |       |       ||     1
       Peck              |     1 |       |       ||     1
 Cast: Shock             |    78 |    87 |    85 ||   250
  Use: Potion            |       |       |     4 ||     4
  Eat: Chunk             |     2 |     4 |     5 ||    11
Armor: Robe              |     3 |     5 |     4 ||    12
Dodge: Dodged            |    15 |    20 |    28 ||    63
